 Dungeon Crawl Stone Soup version bcrawl-1.19.1 (webtiles) character file.

Game seed: 7417443393722631178

277 Niddhogr the Stinger (level 6, 17/41 HPs)
             Began as a Demonspawn Venom Mage on Dec 1, 2019.
             Got out of the dungeon alive.
             The game lasted 00:09:21 (2409 turns).

Niddhogr the Stinger (Demonspawn Venom Mage)        Turns: 2409, Time: 00:09:22

Health: 17/41      AC:  8    Str:  8    XL:     6   Next: 4%
Magic:  8/9        EV: 12    Int: 19    God:
Gold:   136        SH:  0    Dex: 13    Spells: 2/9 levels left

rFire    + . .     SeeInvis .   z - +2 short sword (speed)
rCold    + . .     Gourm    .   (no shield)
rNeg     . . .     Faith    .   a - +0 robe
rPois    .         Spirit   .   s - +0 helmet
rElec    .         Reflect  .   u - scarf {rC+ rF+}
rCorr    .         Harm     .   (no gloves)
MR       .....                  (no boots)
Stlth    ++........             (no amulet)
HPRegen  0.13/turn              r - +3 ring of protection
MPRegen  0.11/turn              (no ring)

@: no status effects
A: iridescent scales 1, demonic guardian 1, powered by death 1
a: no special abilities


You escaped.
You were hungry.

You visited 1 branch of the dungeon, and saw 3 of its levels.

You collected 136 gold pieces.

Inventory:

Hand Weapons
 i - a +2 vampiric dagger {!w}
 t - a +0 halberd
 x - a +2 whip of flaming
 z - a +2 short sword of speed (weapon)
Missiles
 o - 32 poisoned needles
Armour
 a - a +0 robe (worn)
 s - a +0 helmet (worn)
 u - a scarf of resistance (worn)
Jewellery
 r - a +3 ring of protection (left hand)
Wands
 w - a wand of clouds (7)
Scrolls
 b - a scroll of magic mapping {unknown}
 e - 2 scrolls of fear {unknown}
 g - 4 scrolls of identify {unknown}
 m - 3 scrolls of teleportation {unknown}
 n - 3 scrolls of remove curse {unknown}
 v - a scroll of enchant weapon {unknown}
 y - a scroll of amnesia {unknown}
Potions
 c - a potion of berserk rage {!q}
 d - a potion of degeneration {!q}
 h - 2 potions of curing {unknown}
 j - a potion of invisibility {unknown}
 k - a potion of ambrosia {unknown}
 l - a potion of mutation {unknown}
 q - a potion of resistance {unknown}
Comestibles
 f - 4 rations {!d}


   Skills:
 + Level 2.0 Polearms
 - Level 1.7 Dodging
 - Level 2.0 Stealth
 - Level 2.0 Spellcasting
 - Level 1.0 Conjurations
 * Level 6.3 Poison Magic


You had 2 spell levels left.
You knew the following spells:

 Your Spells              Type           Power        Failure   Level  Hunger
a - Sting                 Conj/Pois      ###.         3%          1    #......
b - Poisonous Vapours     Pois/Air       ##....       7%          2    ###....
c - Olgreb's Toxic Radia  Pois           ####....     12%         4    #####..

Your spell library contained the following spells:

 Spells                   Type           Power        Failure   Level  Hunger
 Ignite Poison            Fire/Tmut/Pois #.......     22%         3    ###....
 Summon Scorpions         Summ/Pois      ##......     41%         4    #####..
 Venom Bolt               Conj/Pois      ###.......   71%         5    ######.


Dungeon Overview and Level Annotations

Branches:
Dungeon (3/12)

Altars:


Innate Abilities, Weirdness & Mutations

You are partially covered in iridescent scales. (AC +2)
A weak demonic guardian rushes to your aid.
You regenerate a little health from kills.


Message History

Unknown command.
(D) Dungeon
Where to? (Enter - D:2 @ (x,y), ? - help)
Okay, then.
Unknown command.
(D) Dungeon
Where to? (Enter - D:2 @ (x,y), ? - help)
What level of the Dungeon? (default 1, ? - help)
There is a stone staircase leading up here.
You climb upwards.
Your summoned ally is left behind.
There is a stone staircase leading down here.
There is an open door here.
There is a stone staircase leading up here.
You climb upwards.
There is a stone staircase leading down here.
You regained 5 hp, and now have 17/41 hp.
You regained 4 mp, and now have 8/9 mp.
There is a staircase leading out of the dungeon here.
Are you sure you want to leave the Dungeon?
This will make you lose the game!
You have escaped!

...................#.............
...........##.######.............
#####......##..# #......(......
#......###.#####...........##
#......# #.§..##...........#
#......# #....##...........#
#......# #..§.##############
######## #....# #.>@.# ######


There were no monsters in sight!

Levels and vault maps discovered:
D:1:      dpeg_arrival_fog, layout_basic, minmay_hexomino_p4
D:2:      layout_basic, chequers_ecumenical_altar_simple_redux
D:3:      minmay_skewed_foursquare, layout_basic, kiku_gazebo_garden_becter,
          marbit_many_paths, st_stairs_3, lemuel_another_geyser, uniq_sigmund

Notes
Turn   | Place    | Note
-------+----------+-------------------------------------------
     0 | D:1      | Niddhogr the Demonspawn Venom Mage began the quest for the
                  | Orb.
     0 | D:1      | Reached XP level 1. HP: 13/13 MP: 3/3
    15 | D:1      | Identified a +0 club
    23 | D:1      | Identified a +0 mace (You found it on level 1 of the
                  | Dungeon)
    32 | D:1      | HP: 2/13 [kobold (3)]
   403 | D:1      | Identified a +0 dagger
   404 | D:1      | Identified a +0 club
   412 | D:1      | Gained mutation: You regenerate a little health from kills.
                  | [demonic ancestry]
   412 | D:1      | Reached XP level 2. HP: 19/19 MP: 1/5
   555 | D:1      | Learned a level 2 spell: Poisonous Vapours
   558 | D:1      | Identified a +2 vampiric dagger
   624 | D:1      | Reached skill level 4 in Poison Magic
   653 | D:1      | Identified a +0 dagger
   864 | D:1      | Identified a +0 club
   870 | D:1      | Reached XP level 3. HP: 20/24 MP: 6/6
  1340 | D:2      | Identified a +0 club
  1363 | D:2      | Identified a +0 club
  1392 | D:2      | Found a faded altar of an unknown god.
  1393 | D:2      | Identified a +0 club
  1418 | D:2      | Identified a ring of protection (You found it on level 2 of
                  | the Dungeon)
  1456 | D:2      | Identified a +0 helmet (You found it on level 2 of the
                  | Dungeon)
  1464 | D:2      | Identified a +0 club
  1491 | D:2      | Identified a +0 halberd
  1511 | D:2      | Identified a +0 halberd
  1511 | D:2      | Identified a +0 spear
  1515 | D:2      | Identified a +0 flail
  1518 | D:2      | Gained mutation: A weak demonic guardian rushes to your
                  | aid. [demonic ancestry]
  1518 | D:2      | Reached XP level 4. HP: 30/30 MP: 1/7
  1528 | D:2      | Reached skill level 5 in Poison Magic
  1640 | D:2      | Learned a level 4 spell: Olgreb's Toxic Radiance
  1646 | D:2      | Identified a scarf of resistance (You found it on level 2
                  | of the Dungeon)
  1881 | D:2      | Identified a +0 dagger
  1884 | D:2      | Identified a +2 whip of flaming
  1885 | D:2      | Identified a +0 leather armour
  1885 | D:2      | Identified a cursed +0 falchion
  2059 | D:3      | Identified a +0 club
  2059 | D:3      | Identified a cursed +0 chain mail
  2059 | D:3      | Identified a +0 dagger
  2059 | D:3      | Identified a +0 leather armour
  2059 | D:3      | Identified a +0 dagger
  2062 | D:3      | Identified a +0 club
  2068 | D:3      | Identified a +2 short sword of speed
  2146 | D:3      | Identified a +0 scythe
  2146 | D:3      | Identified a +0 robe
  2146 | D:3      | Noticed Sigmund
  2354 | D:3      | Killed Sigmund
  2354 | D:3      | Reached skill level 1 in Polearms
  2354 | D:3      | Reached skill level 6 in Poison Magic
  2354 | D:3      | Reached XP level 5. HP: 16/35 MP: 3/8
  2368 | D:3      | Reached skill level 2 in Polearms
  2368 | D:3      | Gained mutation: You are partially covered in iridescent
                  | scales. (AC +2) [demonic ancestry]
  2368 | D:3      | Reached XP level 6. HP: 12/41 MP: 4/9
  2409 | D:$      | Got out of the dungeon alive.

Table legend:
 A = Turns spent in this place as a percentage of turns spent in the entire game.
 B = Non-inter-level travel turns spent in this place as a percentage of non-inter-level travel turns spent in the entire game.
 C = Inter-level travel turns spent in this place as a percentage of turns spent in this place.
 D = Turns resting spent in this place as a percentage of non-inter-level travel turns spent in this place.
 E = Turns spent auto-exploring this place as a percentage of non-inter-level travel turns spent in this place.
 F = Non-inter-level travel turns spent in this place divided by the number of levels of this place that you've seen.
                   A       B       C       D       E      F
               +-------+-------+-------+-------+-------+----------------------
         Total | 100.0 | 100.0 |   2.7 |   2.7 |  72.2 | 781.7
       Dungeon | 100.0 | 100.0 |   2.7 |   2.7 |  72.2 | 781.7
               +-------+-------+-------+-------+-------+----------------------

Table legend:
 A = Kills in this place as a percentage of kills in entire the game.
 B = Kills by you in this place as a percentage of kills by you in the entire game.
 C = Kills by friends in this place as a percentage of kills by friends in the entire game.
 D = Other kills in this place as a percentage of other kills in the entire game.
 E = Experience gained in this place as a percentage of experience gained in the entire game.
 F = Experience gained in this place divided by the number of levels of this place that you have seen.
                   A       B       C       D       E      F
               +-------+-------+-------+-------+-------+----------------------
         Total | 100.0 | 100.0 | 100.0 |   N/A | 100.0 | 132.3
       Dungeon | 100.0 | 100.0 | 100.0 |   N/A | 100.0 | 132.3
               +-------+-------+-------+-------+-------+----------------------

Skill      XL: |  1  2  3  4  5 |
---------------+----------------+-----
Poison Magic   | 4 6 |  6.3
Polearms       | 1 2 |  2.0
Dodging        | |  1.7
Stealth        | |  2.0
Spellcasting   | |  2.0
Conjurations   | |  1.0

Action                   |  1- 3 |  4- 6 || total
-------------------------+-------+-------++-------
Melee: Mace              |    73 |       ||    73
       Halberd           |       |    26 ||    26
       Whip              |       |    18 ||    18
       Short sword       |       |    26 ||    26
 Cast: Sting             |    26 |     3 ||    29
       Poisonous Vapours |     5 |     6 ||    11
       Olgreb's Toxic Ra |       |     3 ||     3
 Stab: Sleeping          |     1 |     2 ||     3
  Eat: Chunk             |     3 |     3 ||     6
Armor: Robe              |    11 |    13 ||    24
       Skin              |       |     1 ||     1
Dodge: Dodged            |    57 |    65 ||   122

Vanquished Creatures
  Sigmund (D:3)
  A crimson imp (D:3)
  3 gnolls (D:2)
  An ooze (D:2)
  2 dart slugs
  2 leopard geckos
  8 orcs
  5 ball pythons
  3 giant cockroaches
  7 goblins
  7 hobgoblins
  4 jackals (D:3)
  8 kobolds
  A quokka (D:2)
  4 bats
  5 frilled lizards (D:1)
  8 rats
70 creatures vanquished.

Vanquished Creatures (collateral kills)
  A gnoll (D:2)
  A goblin (D:2)
2 creatures vanquished.

Grand Total: 72 creatures vanquished
